[ PARTIDA AOE2 · #470654322 ]
1v1 RMFrancos vs Inca
Equipo del jugador · DERR
Equipo rival · VICT
[ ANÁLISIS DE REPETICIÓN · EXTRAÍDO DE LA PARTIDA GRABADA ]
Feudal
11:53
Castillos
15:31
Imperial
34:07
| APM promedio | 54.7 |
| APM pico | 114 |
| eAPM promedio | 25.0 |
| Aldeanos / militares | 189 / 113 |
Foco
⚔️ 22.8% · 🌾 77.2%
Knight ×35 · Scout Cavalry ×30 · Throwing Axeman ×18 · Spearman ×10 · Monk ×6 · Mangonel ×6
Feudal
12:01
Castillos
15:35
Imperial
30:33
| APM promedio | 30.8 |
| APM pico | 95 |
| eAPM promedio | 17.7 |
| Aldeanos / militares | 181 / 306 |
Foco
⚔️ 32.4% · 🌾 67.6%
Archer ×141 · Kamayuk ×109 · Battering Ram ×51 · Trebuchet (Packed) ×3 · Monk ×1 · Unknown (2550) ×1
Mapa de la partida
Recursos iniciales + cada clic de construcción. Líneas = muros · curvas = relieve. ◆ oro · ⬟ piedra · ● bayas · ✦ reliquia · ◌ hueco del cierre
Tu base· ✓ Cerrada en 15:31 · 0t muro · 2 puerta(s)
Base de 阳光小庄· ✓ Cerrada en 15:35 · 0t muro · 2 puerta(s)
Terreno inicial suavizado · ◌ = hueco del cierre detectado · pasá el cursor para detalles
Inputs por minuto
— TILTOZAURUS - - 阳光小庄
Build order — TILTOZAURUS
Primeras 150 de 449 acciones detectadas
| 0:00 | Crear | Villager (Male) |
| 0:00 | Crear | Villager (Male) |
| 0:01 | Crear | Villager (Male) |
| 0:02 | Construir | House |
| 0:04 | Construir | House |
| 0:33 | Crear | Villager (Male) |
| 1:26 | Crear | Villager (Male) |
| 2:03 | Crear | Villager (Male) |
| 2:27 | Crear | Villager (Male) |
| 2:50 | Crear | Villager (Male) |
| 2:50 | Crear | Villager (Male) |
| 3:18 | Crear | Villager (Male) |
| 3:23 | Construir | House |
| 3:36 | Construir | Lumber Camp |
| 3:42 | Crear | Villager (Male) |
| 4:05 | Crear | Villager (Male) |
| 4:05 | Crear | Villager (Male) |
| 4:31 | Crear | Villager (Male) |
| 4:58 | Crear | Villager (Male) |
| 5:04 | Crear | Villager (Male) |
| 5:05 | Crear | Villager (Male) |
| 5:07 | Construir | House |
| 5:16 | Construir | Mill |
| 5:21 | Crear | Villager (Male) |
| 6:02 | Crear | Villager (Male) |
| 6:20 | Crear | Villager (Male) |
| 7:03 | Crear | Villager (Male) |
| 7:06 | Crear | Villager (Male) |
| 7:37 | Construir | Mining Camp |
| 7:41 | Crear | Villager (Male) |
| 7:52 | Construir | Lumber Camp |
| 7:53 | Crear | Villager (Male) |
| 7:57 | Construir | Farm |
| 8:00 | Construir | House |
| 8:01 | Construir | House |
| 8:08 | Crear | Villager (Male) |
| 8:11 | Crear | Villager (Male) |
| 8:15 | Construir | Farm |
| 8:26 | Crear | Villager (Male) |
| 8:43 | Construir | Farm |
| 9:43 | Investigar | Feudal Age |
| 9:43 | Investigar | Feudal Age |
| 10:22 | Construir | Farm |
| 10:35 | Construir | Farm |
| 10:40 | Construir | Farm |
| 10:42 | Crear | Villager (Male) |
| 11:04 | Construir | Farm |
| 11:53 | Edad | Edad Feudal |
| 12:00 | Construir | Market |
| 12:07 | Construir | Blacksmith |
| 12:16 | Construir | Barracks |
| 12:18 | Crear | Villager (Male) |
| 12:51 | Investigar | Castle Age |
| 12:52 | Investigar | Castle Age |
| 13:06 | Construir | House |
| 13:06 | Construir | House |
| 13:28 | Construir | Farm |
| 13:30 | Crear | Spearman |
| 13:31 | Crear | Spearman |
| 13:39 | Investigar | Gold Mining |
| 13:41 | Investigar | Double-Bit Axe |
| 14:02 | Construir | Farm |
| 14:28 | Construir | Farm |
| 15:00 | Investigar | Stone Mining |
| 15:13 | Construir | Mining Camp |
| 15:28 | Crear | Villager (Male) |
| 15:31 | Edad | Edad de los Castillos |
| 15:53 | Construir | Monastery |
| 15:59 | Crear | Spearman |
| 16:18 | Investigar | Wheelbarrow |
| 16:20 | Crear | Villager (Male) |
| 16:29 | Crear | Monk |
| 16:38 | Crear | Monk |
| 16:42 | Crear | Spearman |
| 16:43 | Crear | Villager (Male) |
| 16:43 | Crear | Villager (Male) |
| 16:43 | Crear | Villager (Male) |
| 17:18 | Construir | Stable |
| 17:26 | Construir | House |
| 17:27 | Construir | House |
| 17:35 | Investigar | Loom |
| 17:56 | Crear | Villager (Male) |
| 17:56 | Crear | Villager (Male) |
| 18:46 | Crear | Villager (Male) |
| 18:46 | Crear | Villager (Male) |
| 18:47 | Crear | Villager (Male) |
| 19:07 | Construir | Town Center |
| 19:16 | Investigar | Scale Mail Armor |
| 19:16 | Investigar | Forging |
| 19:21 | Crear | Spearman |
| 19:26 | Crear | Villager (Male) |
| 19:29 | Crear | Monk |
| 19:29 | Crear | Monk |
| 19:50 | Crear | Villager (Male) |
| 19:50 | Crear | Villager (Male) |
| 19:50 | Crear | Villager (Male) |
| 20:28 | Crear | Villager (Male) |
| 20:28 | Crear | Villager (Male) |
| 20:50 | Crear | Villager (Male) |
| 20:50 | Crear | Villager (Male) |
| 20:51 | Crear | Villager (Male) |
| 20:55 | Construir | Town Center |
| 21:00 | Investigar | Chain Mail Armor |
| 21:03 | Investigar | Pikeman (upgrade) |
| 21:04 | Crear | Spearman |
| 21:04 | Crear | Spearman |
| 21:04 | Crear | Spearman |
| 21:22 | Crear | Villager (Male) |
| 21:23 | Crear | Villager (Male) |
| 21:23 | Crear | Villager (Male) |
| 21:32 | Crear | Villager (Male) |
| 21:49 | Construir | Castle |
| 22:16 | Crear | Villager (Male) |
| 22:16 | Crear | Villager (Male) |
| 22:17 | Crear | Villager (Male) |
| 22:24 | Construir | Town Center |
| 22:37 | Investigar | Bow Saw |
| 22:56 | Crear | Villager (Male) |
| 22:56 | Crear | Villager (Male) |
| 23:00 | Construir | Farm |
| 23:05 | Crear | Villager (Male) |
| 23:10 | Crear | Villager (Male) |
| 23:10 | Crear | Villager (Male) |
| 23:10 | Crear | Villager (Male) |
| 23:19 | Construir | Farm |
| 23:32 | Construir | Farm |
| 23:35 | Crear | Villager (Male) |
| 23:36 | Crear | Villager (Male) |
| 23:49 | Construir | Farm |
| 23:55 | Crear | Villager (Male) |
| 23:55 | Crear | Villager (Male) |
| 23:56 | Crear | Villager (Male) |
| 24:09 | Crear | Villager (Male) |
| 24:09 | Crear | Villager (Male) |
| 24:18 | Construir | Farm |
| 24:21 | Construir | Farm |
| 24:22 | Crear | Villager (Male) |
| 24:22 | Crear | Villager (Male) |
| 24:27 | Crear | Villager (Male) |
| 24:27 | Crear | Villager (Male) |
| 24:31 | Crear | Villager (Male) |
| 24:32 | Crear | Villager (Male) |
| 24:38 | Crear | Villager (Male) |
| 24:38 | Crear | Villager (Male) |
| 24:43 | Construir | Farm |
| 24:45 | Construir | Farm |
| 24:53 | Construir | Farm |
| 24:54 | Crear | Villager (Male) |
| 24:54 | Crear | Villager (Male) |
| 24:59 | Construir | Farm |
Build order — 阳光小庄
Primeras 150 de 419 acciones detectadas
| 0:01 | Crear | Villager (Male) |
| 0:01 | Crear | Villager (Male) |
| 0:01 | Crear | Villager (Male) |
| 0:02 | Construir | House |
| 0:03 | Construir | House |
| 0:04 | Crear | Villager (Male) |
| 0:04 | Crear | Villager (Male) |
| 1:36 | Crear | Villager (Male) |
| 1:36 | Crear | Villager (Male) |
| 1:52 | Construir | Settlement |
| 1:56 | Crear | Villager (Male) |
| 1:57 | Crear | Villager (Male) |
| 2:17 | Crear | Villager (Male) |
| 2:17 | Crear | Villager (Male) |
| 2:49 | Crear | Villager (Male) |
| 2:49 | Crear | Villager (Male) |
| 3:04 | Crear | Villager (Male) |
| 3:05 | Crear | Villager (Male) |
| 3:38 | Crear | Villager (Male) |
| 3:38 | Crear | Villager (Male) |
| 4:08 | Crear | Villager (Male) |
| 4:09 | Crear | Villager (Male) |
| 4:23 | Construir | Settlement |
| 4:35 | Crear | Villager (Male) |
| 4:36 | Crear | Villager (Male) |
| 5:09 | Crear | Villager (Male) |
| 5:09 | Crear | Villager (Male) |
| 5:34 | Crear | Villager (Male) |
| 5:34 | Crear | Villager (Male) |
| 5:51 | Crear | Villager (Male) |
| 5:52 | Crear | Villager (Male) |
| 6:23 | Crear | Villager (Male) |
| 6:23 | Crear | Villager (Male) |
| 6:41 | Crear | Villager (Male) |
| 6:42 | Crear | Villager (Male) |
| 6:54 | Crear | Villager (Male) |
| 6:55 | Crear | Villager (Male) |
| 7:06 | Crear | Villager (Male) |
| 7:06 | Crear | Villager (Male) |
| 7:06 | Crear | Villager (Male) |
| 7:24 | Construir | Settlement |
| 7:31 | Construir | Settlement |
| 8:20 | Crear | Villager (Male) |
| 9:17 | Construir | Farm |
| 9:24 | Investigar | Feudal Age |
| 9:25 | Investigar | Feudal Age |
| 9:26 | Investigar | Loom |
| 9:27 | Investigar | Feudal Age |
| 9:27 | Investigar | Feudal Age |
| 9:34 | Construir | Farm |
| 9:37 | Construir | Farm |
| 10:45 | Crear | Villager (Male) |
| 10:46 | Crear | Villager (Male) |
| 12:01 | Edad | Edad Feudal |
| 12:03 | Construir | Blacksmith |
| 12:06 | Construir | Market |
| 12:22 | Investigar | Double-Bit Axe |
| 12:23 | Investigar | Horse Collar |
| 12:55 | Investigar | Castle Age |
| 12:55 | Investigar | Castle Age |
| 13:09 | Crear | Villager (Male) |
| 13:09 | Crear | Villager (Male) |
| 13:23 | Construir | Farm |
| 13:26 | Construir | Farm |
| 13:45 | Construir | Settlement |
| 15:26 | Construir | Farm |
| 15:27 | Construir | Farm |
| 15:35 | Edad | Edad de los Castillos |
| 15:41 | Construir | Town Center |
| 15:52 | Construir | Town Center |
| 15:58 | Crear | Villager (Male) |
| 16:06 | Construir | House |
| 16:07 | Construir | House |
| 16:26 | Construir | Barracks |
| 16:30 | Crear | Villager (Male) |
| 16:32 | Investigar | Bow Saw |
| 16:32 | Investigar | Heavy Plow |
| 16:47 | Construir | Farm |
| 16:49 | Construir | Farm |
| 16:59 | Construir | House |
| 17:00 | Construir | House |
| 17:14 | Investigar | Wheelbarrow |
| 17:29 | Construir | Farm |
| 17:34 | Construir | Farm |
| 17:40 | Crear | Villager (Male) |
| 17:40 | Crear | Villager (Male) |
| 17:40 | Crear | Villager (Male) |
| 17:43 | Construir | Farm |
| 17:47 | Construir | Farm |
| 17:49 | Crear | Villager (Male) |
| 18:12 | Crear | Villager (Male) |
| 18:32 | Crear | Villager (Male) |
| 18:32 | Crear | Villager (Male) |
| 18:41 | Crear | Villager (Male) |
| 18:41 | Crear | Villager (Male) |
| 18:46 | Crear | Villager (Male) |
| 18:46 | Crear | Villager (Male) |
| 18:48 | Construir | Farm |
| 18:49 | Construir | Farm |
| 18:51 | Construir | Farm |
| 18:52 | Crear | Villager (Male) |
| 18:53 | Crear | Villager (Male) |
| 18:57 | Construir | Farm |
| 19:00 | Construir | Farm |
| 19:06 | Construir | Farm |
| 19:09 | Construir | Farm |
| 19:13 | Construir | Farm |
| 19:15 | Crear | Villager (Male) |
| 19:16 | Crear | Villager (Male) |
| 19:16 | Crear | Villager (Male) |
| 19:18 | Construir | Farm |
| 19:19 | Construir | Farm |
| 19:24 | Crear | Villager (Male) |
| 19:24 | Crear | Villager (Male) |
| 19:26 | Construir | Farm |
| 19:34 | Construir | House |
| 19:44 | Construir | Gate |
| 19:46 | Construir | House |
| 19:50 | Crear | Villager (Male) |
| 19:50 | Crear | Villager (Male) |
| 20:02 | Crear | Villager (Male) |
| 20:02 | Crear | Villager (Male) |
| 20:02 | Crear | Villager (Male) |
| 20:03 | Crear | Villager (Male) |
| 20:03 | Crear | Villager (Male) |
| 20:37 | Construir | Town Center |
| 20:38 | Crear | Villager (Male) |
| 20:42 | Crear | Villager (Male) |
| 20:44 | Crear | Villager (Male) |
| 20:47 | Construir | House |
| 20:48 | Crear | Villager (Male) |
| 21:09 | Construir | Monastery |
| 21:21 | Construir | Farm |
| 21:24 | Crear | Villager (Male) |
| 21:25 | Crear | Villager (Male) |
| 21:25 | Crear | Villager (Male) |
| 21:25 | Crear | Villager (Male) |
| 21:26 | Crear | Villager (Male) |
| 21:26 | Crear | Villager (Male) |
| 21:26 | Crear | Villager (Male) |
| 21:32 | Investigar | Stone Mining |
| 21:36 | Investigar | Gold Mining |
| 21:37 | Investigar | Gold Mining |
| 21:52 | Crear | Villager (Male) |
| 21:53 | Crear | Monk |
| 22:00 | Crear | Villager (Male) |
| 22:00 | Crear | Villager (Male) |
| 22:11 | Crear | Villager (Male) |
| 22:12 | Crear | Villager (Male) |
| 22:16 | Crear | Villager (Male) |
Cronología de la partida
| 11:53 | TILTOZAURUS · age_up feudal |
| 12:01 | 阳光小庄 · age_up feudal |
| 12:16 | TILTOZAURUS · first_building Barracks |
| 15:31 | TILTOZAURUS · age_up castle |
| 15:35 | 阳光小庄 · age_up castle |
| 15:53 | TILTOZAURUS · first_building Monastery |
| 16:26 | 阳光小庄 · first_building Barracks |
| 17:18 | TILTOZAURUS · first_building Stable |
| 17:38 | 阳光小庄 · first_market_buy 100 food |
| 21:09 | 阳光小庄 · first_building Monastery |
| 21:49 | TILTOZAURUS · first_building Castle |
| 26:55 | TILTOZAURUS · first_building Siege Workshop |
| 27:12 | 阳光小庄 · first_building Castle |
| 28:56 | 阳光小庄 · first_building Archery Range |
| 29:00 | 阳光小庄 · first_building Siege Workshop |
| 30:33 | 阳光小庄 · age_up imperial |
| 34:07 | TILTOZAURUS · age_up imperial |
| 36:21 | 阳光小庄 · first_market_sell 100 food |
| 36:23 | TILTOZAURUS · first_market_sell 100 wood |
| 40:55 | TILTOZAURUS · first_market_buy 100 stone |
| 45:58 | TILTOZAURUS · resign |
[ ANÁLISIS IA · 1 CRÉDITO ]
¿Qué pasó realmente en esta partida?
Wolo.gg analiza cada decisión: build order, eco, micro, errores típicos por bracket. Análisis personalizado por WhatsApp o Discord en 30 segundos.
Guía civ
Francos
Guía mapa
Arena
Perfil
TILTOZAURUS